 Dungeon Crawl Stone Soup version 0.30-b1-2-g02819fbbbe (webtiles) character file.

Game seed: 16393483448752534859

11129 SockSock the Skirmisher (level 11, -3/86 HPs)
             Began as a Gnoll Wanderer on Sept 14, 2023.
             Was an Initiate of Gozag.
             Succumbed to a black mamba's poison
             ... on level 1 of the Lair of Beasts.
             The game lasted 00:59:58 (11525 turns).

SockSock the Skirmisher (Gnoll Wanderer)           Turns: 11525, Time: 00:59:58

Health: -3/86      AC: 12    Str: 12    XL:     11   Next: 72%
Magic:  22/22      EV: 15    Int:  9    God:    Gozag
Gold:   1670       SH:  0    Dex: 24    Spells: 24/24 levels left

rFire   . . .        f - +7 dagger of Duty {heavy, rCorr}
rCold   . . .        (no shield)
rNeg    . . .        j - +2 ring mail {Will+}
rPois   .            a - +2 hat
rElec   .            (no cloak)
rCorr   +            n - +0 pair of gloves
SInv    .            (no boots)
Will    ++...        x - amulet of regeneration
Stlth   +++          r - +6 ring of dexterity
HPRegen 1.14/turn    A - ring of willpower
MPRegen 0.18/turn

%: no passive effects
@: lethally poisoned (-3 -> -26), studying Long Blades
A: fangs 1, strong nose, distributed training
a: Renounce Religion, Potion Petition, Call Merchant, Bribe Branch


You were on level 1 of the Lair of Beasts.
You worshipped Gozag.
Gozag was most pleased with you.
You visited 3 branches of the dungeon, and saw 13 of its levels.

You collected 1766 gold pieces.
You paid 96 gold pieces to Gozag.

Inventory:

Hand Weapons
 f - the +7 dagger of Duty (weapon) {heavy, rCorr}
   (You found it on level 2 of the Dungeon)

   rCorr:     It protects you from acid and corrosion.
 g - a +0 arbalest
Missiles
 E - 2 throwing nets
Armour
 a - a +2 hat (worn)
 j - a +2 ring mail of willpower (worn)
 n - a +0 pair of gloves (worn)
 q - a +0 tower shield
Jewellery
 b - a ring of see invisible
 r - a +6 ring of dexterity (left hand)
 w - a ring of resist corrosion
 x - an amulet of regeneration (around neck)
 A - a ring of willpower (right hand)
Wands
 l - a wand of roots (5)
 m - a wand of flame (33)
 D - a wand of charming (4)
Scrolls
 d - 4 scrolls of enchant weapon
 k - 2 scrolls of amnesia
 s - 2 scrolls of fear
 u - 2 scrolls of silence
 y - a scroll of fog
 B - 4 scrolls of teleportation
 C - 2 scrolls of magic mapping
Potions
 c - 5 potions of cancellation
 e - 3 potions of attraction
 h - a potion of brilliance {unknown}
 p - 3 potions of flight {unknown}
 t - a potion of curing {unknown}
 v - 2 potions of lignification
 z - a potion of might {unknown}
 H - a potion of mutation {unknown}


   Skills:
 + Level 8.3 Fighting
 + Level 6.8 Short Blades
 + Level 9.0 Long Blades
 + Level 7.3 Axes
 + Level 6.8 Maces & Flails
 + Level 6.8 Polearms
 + Level 6.8 Staves
 + Level 12.3 Ranged Weapons
 + Level 6.8 Throwing
 + Level 7.3 Armour
 + Level 6.8 Dodging
 + Level 6.8 Stealth
 + Level 6.8 Shields
 + Level 6.8 Unarmed Combat
 + Level 7.4 Spellcasting
 + Level 5.6 Conjurations
 + Level 5.6 Hexes
 + Level 5.6 Summonings
 + Level 5.6 Necromancy
 + Level 5.6 Translocations
 + Level 5.6 Transmutations
 + Level 5.6 Fire Magic
 + Level 5.6 Ice Magic
 + Level 5.6 Air Magic
 + Level 5.6 Earth Magic
 + Level 5.6 Poison Magic
 + Level 7.5 Invocations
 + Level 6.8 Evocations


You had 24 spell levels left.
You didn't know any spells.
Your spell library contained the following spells:

 Spells                   Type           Power      Damage    Failure   Level
 Ignite Poison            Fire/Tmut/Pois 13%        N/A       11%         3
 Sticky Flame             Conj/Fire      13%        2d4       36%         4
 Blade Hands              Tmut           6%         N/A       71%         5
 Irradiate                Conj/Tmut      6%         3d13      71%         5
 Dragon Form              Tmut           6%         N/A       100%        7
 Ignition                 Fire           6%         3d4       100%        8


Dungeon Overview and Level Annotations

Branches:
Dungeon (11/15) Zot: 26806  Temple (1/1) D:7 Zot: 5982    Lair (1/5) D:9 Zot: 5499
    Orc (0/2) D:10

Altars:
Ashenzari
Cheibriados
Dithmenos
Elyvilon
Fedhas
Gozag
Hepliaklqana
Kikubaaqudgha
Makhleb
Nemelex Xobeh
Okawaru
Qazlal
Ru
Sif Muna
Trog
Uskayaw
Vehumet
Wu Jian
Xom
Yredelemnul
Zin
The Shining One

Annotations:
D:3 2 transporters, Fartwhistle's ghost, amateur GnHu
D:11 exclusion: manticore


Innate Abilities, Weirdness & Mutations

You have very sharp teeth.
Your uncanny sense of smell can sniff out nearby items.
Your experience applies equally to all skills.


Message History

You are lethally poisoned!
The black mamba poisons you!
You hit the black mamba but do no damage.
Your bite misses the black mamba.
The black mamba is severely wounded.
* * * LOW HITPOINT WARNING * * *
You feel extremely sick. The black mamba bites you!
* * * LOW HITPOINT WARNING * * *
The black mamba misses you.
Unknown command.
You feel much better.
* * * LOW HITPOINT WARNING * * *
You feel extremely sick. The black mamba completely misses you.
The black mamba closely misses you.
You fade into invisibility!
* * * LOW HITPOINT WARNING * * *
You feel very sick. The black mamba closely misses you.
The black mamba bites you.
* * * LOW HITPOINT WARNING * * *
You are more poisoned.
The black mamba poisons you!
Really quaff the potion of lignification?
You turn into a tree.
Your +2 hat melds into your body.
Your +0 pair of gloves melds into your body.
Your +2 ring mail of willpower melds into your body.
You feel less strong-willed.
Your roots penetrate the ground.
* * * LOW HITPOINT WARNING * * *
You feel extremely sick.
The black mamba bites you but does no damage.
Your magical effects are unravelling.
You feel magically purged.
You feel less wooden.
Your +2 hat unmelds from your body.
Your +0 pair of gloves unmelds from your body.
Your +2 ring mail of willpower unmelds from your body.
You feel strong-willed.
You flicker back into view.
You die...
Your body crumbles into a pile of gold.

##.#)#############
#.................
#..............##.
#..P..#####....#..
#..#......#....#..
#..#...........#..
#..#......#....#..
#<.'......#....#..
#@.#..............
#.S#+#.####.......
#..............#..
#..............#.#
##.................
#..................
##.................
#P.................
##..#+#..##........


You could see a black mamba.

Vanquished Creatures
  A two-headed ogre (D:10)
  3 death yaks
  An elephant (Lair:1)
  Joseph (D:8)
  Maggie (D:8)
  Sigmund (D:2)
  Eustachio (D:6)
  11 yaks
  A steam dragon (D:8)
  Edmund (D:3)
  Menkaure (D:4)
  A warg (D:10)
  An acid dragon (D:9)
  2 water moccasins
  Duvessa (D:3)
  9 orc warriors
  An ice beast (D:5)
  A sky beast (D:6)
  A black bear (D:8)
  8 centaurs
  A phantom (D:5)
  4 kobold brigands
  7 bullfrogs
  3 scorpions
  4 wights
  Dowan (D:3)
  10 killer bees (D:8)
  6 howler monkeys
  10 orc priests
  A hound (D:4)
  3 jellies
  Ijyb (D:4)
  A sleepcap (D:7)
  A centaur skeleton (D:3)
  6 iguanas
  A scorpion zombie (D:3)
  Natasha (thrice) (D:4)
  10 orc wizards
  A hell rat (D:9)
  10 adders
  11 gnolls
  4 river rats (D:9)
  An ufetubus (D:4)
  2 adder skeletons (D:3)
  An adder zombie (D:3)
  4 worms
  2 dart slugs
  56 orcs
  9 ball pythons
  12 endoplasms
  3 giant cockroaches
  5 goblins
  14 hobgoblins
  8 jackals
  25 kobolds
  4 quokkas
  10 bats
  A giant cockroach zombie (D:3)
  10 rats
314 creatures vanquished.

Vanquished Creatures (collateral kills)
  3 orcs (D:10)
3 creatures vanquished.

Vanquished Creatures (others)
  An orc wizard (D:10)
  3 fungi (Lair:1)
  8 plants
  5 withered plants (D:3)
17 creatures vanquished.

Grand Total: 334 creatures vanquished

Notes
Turn   | Place    | Note
-------+----------+-------------------------------------------
     0 | D:1      | Reached skill level 10 in Ranged Weapons
     0 | D:1      | SockSock the Gnoll Wanderer began the quest for the Orb.
     0 | D:1      | SockSock set off with the following items: a +2 sling, a +0
                  | hand axe, a +0 ring mail, a scroll of fear.
     0 | D:1      | Reached XP level 1. HP: 20/20 MP: 4/4
    80 | D:1      | Reached XP level 2. HP: 26/26 MP: 5/5
   513 | D:2      | Reached XP level 3. HP: 31/31 MP: 7/7
   653 | D:2      | Identified the +7 dagger of Duty {heavy, rCorr}
   776 | D:2      | Reached skill level 1 in Invocations
   809 | D:2      | Reached skill level 1 in Short Blades
   809 | D:2      | Reached skill level 1 in Long Blades
   809 | D:2      | Reached skill level 1 in Maces & Flails
   809 | D:2      | Reached skill level 1 in Polearms
   809 | D:2      | Reached skill level 1 in Staves
   809 | D:2      | Reached skill level 1 in Throwing
   809 | D:2      | Reached skill level 1 in Dodging
   809 | D:2      | Reached skill level 1 in Stealth
   809 | D:2      | Reached skill level 1 in Shields
   809 | D:2      | Reached skill level 1 in Unarmed Combat
   809 | D:2      | Reached skill level 1 in Evocations
   900 | D:2      | You fall into a shaft and drop 1 floor!
   929 | D:3      | Reached XP level 4. HP: 36/38 MP: 8/8
  1079 | D:3      | Reached skill level 1 in Conjurations
  1079 | D:3      | Reached skill level 1 in Hexes
  1079 | D:3      | Reached skill level 1 in Summonings
  1079 | D:3      | Reached skill level 1 in Necromancy
  1079 | D:3      | Reached skill level 1 in Translocations
  1079 | D:3      | Reached skill level 1 in Transmutations
  1079 | D:3      | Reached skill level 1 in Fire Magic
  1079 | D:3      | Reached skill level 1 in Ice Magic
  1079 | D:3      | Reached skill level 1 in Air Magic
  1079 | D:3      | Reached skill level 1 in Earth Magic
  1079 | D:3      | Reached skill level 1 in Poison Magic
  1701 | D:1      | Reached XP level 5. HP: 43/43 MP: 9/9
  2191 | D:3      | Noticed Sigmund
  2231 | D:2      | Killed Sigmund
  2232 | D:2      | Reached skill level 5 in Fighting
  2232 | D:2      | Reached XP level 6. HP: 39/51 MP: 9/11
  2436 | D:3      | Found a transporter.
  2447 | D:3      | Noticed Fartwhistle's ghost (amateur GnHu)
  2495 | D:3      | Found a transporter.
  2729 | D:3      | Reached XP level 7. HP: 56/56 MP: 12/12
  3243 | D:4      | Noticed Natasha
  3249 | D:4      | Noticed Edmund
  3305 | D:3      | HP: 2/84 [Edmund/+0 flail of protection (10)]
  3309 | D:3      | Killed Edmund
  3567 | D:4      | Found a burning altar of Makhleb.
  3661 | D:4      | Noticed Ijyb
  3760 | D:4      | Noticed Menkaure
  3765 | D:4      | Killed Menkaure
  3861 | D:4      | Reached XP level 8. HP: 63/63 MP: 14/14
  3896 | D:4      | Noticed Duvessa
  3896 | D:4      | Noticed Dowan
  4025 | D:3      | Killed Duvessa
  4056 | D:3      | HP: 1/63 [Dowan/shard of ice (21)]
  4058 | D:3      | Killed Dowan
  4300 | D:4      | Killed Ijyb
  4481 | D:4      | Killed Natasha
  4482 | D:4      | Reached skill level 11 in Ranged Weapons
  4536 | D:4      | Noticed Natasha
  4542 | D:4      | Killed Natasha
  4562 | D:4      | Noticed Natasha
  4566 | D:4      | Killed Natasha
  4948 | D:5      | Entered Level 5 of the Dungeon
  5274 | D:5      | Found a hide-covered altar of Uskayaw.
  5486 | D:5      | Reached XP level 9. HP: 69/69 MP: 16/16
  5710 | D:5      | Reached skill level 5 in Spellcasting
  5841 | D:6      | Reached skill level 5 in Axes
  5841 | D:6      | Reached skill level 5 in Armour
  6035 | D:6      | Reached skill level 5 in Long Blades
  6135 | D:6      | Found an ornate altar of the Wu Jian Council.
  6232 | D:6      | Found a basalt altar of Yredelemnul.
  6232 | D:6      | Found a shadowy altar of Dithmenos.
  6310 | D:6      | Reached skill level 5 in Invocations
  6344 | D:6      | Noticed Eustachio
  6369 | D:6      | Killed Eustachio
  6748 | D:7      | Found a staircase to the Ecumenical Temple.
  6756 | Temple   | Entered the Ecumenical Temple
  6829 | D:7      | Found an opulent altar of Gozag.
  6848 | D:7      | Became a worshipper of Gozag Ym Sagoz the Greedy
  7033 | D:7      | Reached skill level 5 in Short Blades
  7033 | D:7      | Reached skill level 5 in Maces & Flails
  7033 | D:7      | Reached skill level 5 in Polearms
  7033 | D:7      | Reached skill level 5 in Staves
  7033 | D:7      | Reached skill level 5 in Throwing
  7033 | D:7      | Reached skill level 5 in Dodging
  7033 | D:7      | Reached skill level 5 in Stealth
  7033 | D:7      | Reached skill level 5 in Shields
  7033 | D:7      | Reached skill level 5 in Unarmed Combat
  7033 | D:7      | Reached skill level 5 in Evocations
  7033 | D:7      | Reached XP level 10. HP: 77/77 MP: 18/18
  7513 | D:8      | Noticed Maggie
  7534 | D:8      | Killed Maggie
  8283 | D:8      | Noticed Joseph
  8311 | D:8      | Killed Joseph
  8881 | D:9      | Found a blossoming altar of Fedhas.
  9063 | D:9      | Found a white marble altar of Elyvilon.
  9209 | D:9      | Found a staircase to the Lair.
  9213 | D:9      | Noticed a death yak
  9214 | D:9      | Noticed a death yak
  9395 | D:9      | Killed a death yak
  9396 | D:9      | Reached skill level 12 in Ranged Weapons
  9396 | D:9      | Reached skill level 5 in Conjurations
  9396 | D:9      | Reached skill level 5 in Hexes
  9396 | D:9      | Reached skill level 5 in Summonings
  9396 | D:9      | Reached skill level 5 in Necromancy
  9396 | D:9      | Reached skill level 5 in Translocations
  9396 | D:9      | Reached skill level 5 in Transmutations
  9396 | D:9      | Reached skill level 5 in Fire Magic
  9396 | D:9      | Reached skill level 5 in Ice Magic
  9396 | D:9      | Reached skill level 5 in Air Magic
  9396 | D:9      | Reached skill level 5 in Earth Magic
  9396 | D:9      | Reached skill level 5 in Poison Magic
  9396 | D:9      | Reached XP level 11. HP: 85/85 MP: 19/21
  9455 | D:9      | Noticed a death yak
  9767 | D:8      | Killed a death yak
  9868 | D:9      | Killed a death yak
  9933 | D:10     | Entered Level 10 of the Dungeon
  9950 | D:10     | Found a shimmering blue altar of Sif Muna.
  9953 | D:10     | Found a broken altar of Ashenzari.
  9955 | D:10     | Found a shimmering altar of Xom.
  9955 | D:10     | Found a sacrificial altar of Ru.
  9955 | D:10     | Found a hazy altar of Hepliaklqana.
  9955 | D:10     | Found a radiant altar of Vehumet.
  9956 | D:10     | Found a bloodstained altar of Trog.
 10115 | D:10     | Found a staircase to the Orcish Mines.
 10312 | D:10     | Noticed a two-headed ogre
 10483 | D:10     | Killed a two-headed ogre
 10860 | D:11     | Noticed a manticore
 10896 | Lair:1   | Entered Level 1 of the Lair of Beasts
 11077 | Lair:1   | Identified the +0 halberd of the Original Sin {protect,
                  | Fly}
 11521 | Lair:1   | HP: 2/86 [black mamba (15)]
 11525 | Lair:1   | Succumbed to a black mamba's poison

Illustrated notes

Levels and vault maps discovered:
D:1:      wheals_arrival_shading, layout_basic
D:2:      layout_loops_cross, st_stairs_3
D:3:      minmay_octagon_keep, layout_basic, gammafunk_ghost_gnarly_gnolls,
          portal_sewer_entry_d, serial_undead, serial_undead_c, serial_undead_f,
          serial_undead_e, serial_undead_d, serial_undead_e, serial_undead_c,
          serial_undead_f, serial_undead_c, serial_undead_a, serial_undead_d,
          uniq_sigmund
D:4:      layout_basic, lemuel_tele_altar, minmay_manual_moon, uniq_natasha,
          uniq_duvessa, uniq_edmund, uniq_menkaure, uniq_ijyb
D:5:      layout_rooms, nicolae_uskayaw_murder_on_the_dancefloor,
          interstate_on_off
D:6:      layout_basic, nzn_wu_jian_council_hall,
          nicolae_overflow_two_pavilions, uniq_eustachio
D:7:      layout_loops_ring, marbit_many_paths, minmay_temple_entry_glassed_door
D:8:      layout_gridville, uniq_joseph, uniq_maggie
D:9:      layout_roguey, fedhas_altar_2, elyvilon_altar_5, dpeg_lair_monsters
D:10:     layout_roguey [special_room_orc], grunt_temple_overflow_open,
          david_orc_3
D:11:     cheibrodos_breeding_chamber, layout_basic, tso_oasis_becter
Temple:   hellmonk_temple_two_chambers
Lair:1:   layout_regular_city, basic_altar, minmay_stone_trees_small,
          beast_lair_carwin_9

Skill      XL: |  1  2  3  4  5  6  7  8  9 10 11 |
---------------+----------------------------------+-----
Ranged Weapons | 11 12 | 12.3
Invocations    | 1 2 3 4 5 6 7 |  7.5
Short Blades   | 1 2 3 4 5 6 |  6.8
Long Blades    | 1 2 3 4 6 7 9 |  9.0
Maces & Flails | 1 2 3 4 5 6 |  6.8
Polearms       | 1 2 3 4 5 6 |  6.8
Staves         | 1 2 3 4 5 6 |  6.8
Throwing       | 1 2 3 4 5 6 |  6.8
Dodging        | 1 2 3 4 5 6 |  6.8
Stealth        | 1 2 3 4 5 6 |  6.8
Shields        | 1 2 3 4 5 6 |  6.8
Unarmed Combat | 1 2 3 4 5 6 |  6.8
Evocations     | 1 2 3 4 5 6 |  6.8
Spellcasting   | 3 4 5 6 7 |  7.4
Conjurations   | 1 2 3 4 5 |  5.6
Hexes          | 1 2 3 4 5 |  5.6
Summonings     | 1 2 3 4 5 |  5.6
Necromancy     | 1 2 3 4 5 |  5.6
Translocations | 1 2 3 4 5 |  5.6
Transmutations | 1 2 3 4 5 |  5.6
Fire Magic     | 1 2 3 4 5 |  5.6
Ice Magic      | 1 2 3 4 5 |  5.6
Air Magic      | 1 2 3 4 5 |  5.6
Earth Magic    | 1 2 3 4 5 |  5.6
Poison Magic   | 1 2 3 4 5 |  5.6
Axes           | 3 4 5 6 7 |  7.3
Armour         | 3 4 5 6 7 |  7.3
Fighting       | 5 6 7 8 |  8.3

Action                     |  1- 3 |  4- 6 |  7- 9 | 10-12 || total
---------------------------+-------+-------+-------+-------++-------
  Melee: Dagger            |     6 |       |   115 |   198 ||   319
         Punch             |       |       |     7 |     8 ||    15
         Bite              |       |       |     9 |    30 ||    39
   Fire: Sling             |   119 |   221 |   268 |       ||   608
         Arbalest          |       |       |    47 |   280 ||   327
  Evoke: Wand              |       |       |     1 |     7 ||     8
    Use: Scroll            |     1 |     6 |     5 |     5 ||    17
         Potion            |       |     3 |     1 |     6 ||    10
   Stab: Distracted        |       |       |       |     5 ||     5
 Armour: Ring mail         |    26 |    40 |    77 |    89 ||   232
         Skin              |       |       |       |     1 ||     1
  Dodge: Dodged            |    30 |    46 |   138 |   223 ||   437
